 Dungeon Crawl Stone Soup version 0.15.1-1-gfacfea3 (webtiles) character file.

6134 WhatIsLove the Cleaver (level 10, -19/90 HPs)
             Began as a Hill Orc Fighter on Sept 26, 2014.
             Was a Priest of Beogh (penitent).
             Killed from afar by Morun the orc wizard (30 damage)
             ... with an exploding inner flame
             ... hexed by the player character
             ... on Level 1 of the Lair of Beasts.
             The game lasted 00:33:22 (7250 turns).

WhatIsLove the Cleaver (Hill Orc Fighter)           Turns: 7250, Time: 00:33:23

HP -19/90        AC 23     Str 23      XL: 10   Next: 89%
MP  20/21        EV  5     Int  8      God: *Beogh
Gold 492         SH 11     Dex 10      Spells:  0 memorised,  9 levels left

rFire  . . .     SeeInvis .     a - +1 war axe
rCold  . . .     Clarity  +     z - +4 plate armour
rNeg   . . .     rCorr    .     c - +0 shield
rPois  .         rRot     .     x - +0 helmet
rElec  .         Spirit   .     b - +0 cloak
SustAb .         Warding  .     G - +1 pair of gloves
rMut   .         Stasis   .     (no boots)
Gourm  .                        r - amulet of clarity
MR     .....                    (no ring)
                                (no ring)

@: not resistant to hostile enchantments, extremely unstealthy
A: no striking features
a: Renounce Religion


You were on level 1 of the Lair of Beasts.
You worshipped Beogh.
Beogh was demanding penance.
You were very hungry.

You visited 3 branches of the dungeon, and saw 11 of its levels.

You collected 492 gold pieces.

Inventory:

Hand weapons
 a - a +1 war axe (weapon)
 y - a cursed +0 blowgun
Missiles
 h - 58 bolts
 k - 162 poisoned needles
 t - 9 tomahawks (quivered)
 B - 8 curare-tipped needles
 E - 162 arrows
 F - 18 poisoned bolts
 L - 6 silver bolts
 T - a throwing net
 Z - 28 arrows of flame
Armour
 b - a +0 cloak (worn)
 c - a +0 shield (worn)
 x - a +0 helmet (worn)
 z - a +4 plate armour (worn)
 D - a +1 robe of cold resistance
 G - a +1 pair of gloves (worn)
 U - a cursed +0 leather armour
Magical devices
 e - a wand of lightning (0)
 q - a wand of digging (11)
 C - a wand of confusion (6)
 I - a wand of heal wounds (4)
 V - a wand of digging (12)
 W - a wand of cold (7)
Comestibles
 d - 4 meat rations
 v - 10 beef jerkies
 w - 7 bread rations
 H - 2 slices of pizza
 S - 2 fruits
 Y - a rotting chunk of hound flesh
Scrolls
 f - 3 scrolls of amnesia {unknown}
 g - 3 scrolls of teleportation
 m - a scroll of brand weapon {unknown}
 s - a scroll of magic mapping {unknown}
 A - 2 scrolls of enchant armour {unknown}
 K - a scroll of enchant weapon
 M - 3 scrolls of remove curse
 O - a scroll of immolation
Jewellery
 r - an amulet of clarity (around neck)
 X - an uncursed ring of teleportation
Potions
 i - 4 potions of curing {unknown}
 j - 3 potions of restore abilities {unknown}
 l - 2 potions of flight
 n - a potion of haste
 o - a potion of brilliance
 p - 3 potions of cancellation {unknown}
 u - a potion of agility
 J - a potion of berserk rage
 N - a potion of cure mutation {unknown}
 P - 3 potions of heal wounds
 Q - 2 potions of magic
 R - a potion of resistance {unknown}


   Skills:
 + Level 8.5 Fighting
 + Level 9.9 Axes
 + Level 1.0 Throwing
 * Level 9.7 Armour
 + Level 8.7 Shields
 * Level 8.0 Invocations
 + Level 0.7 Evocations


You had 9 spell levels left.
You didn't know any spells.

Dungeon Overview and Level Annotations

Branches:
Dungeon (9/15)             Temple (1/1) D:4            Lair (1/8) D:8
    Orc: D:9-12

Altars:
Ashenzari
Makhleb
Nemelex Xobeh
Xom
Yredelemnul

Shops:
D:4 [:


Message History

The orc knight explodes!
The fiery explosion engulfs your orc warrior.
Your orc warrior is severely wounded.
You feel very guilty. "You will pay for your transgression, mortal!"
The fiery explosion engulfs Nordag.
Nordag is almost dead.
A green rat comes into view.
There is a staircase back to the Dungeon here.
Nordag blocks Morun's attack.
The orc warrior is engulfed in roaring flames.
The orc warrior explodes!
The fiery explosion engulfs you! The fiery explosion engulfs your orc.
Your orc explodes!
The fiery explosion engulfs you!
* * * LOW HITPOINT WARNING * * *
The fiery explosion engulfs Morun.
Morun the orc wizard explodes!
The fiery explosion engulfs you!
You die...

# #.. #
....#########rP#
.........§oo...#
.......§@§§##.#=#
#..#...§§§o§§%...#
#..####§#####.# #.
#§# # #.# #.. #..
...# ###


You could see Nordag the orc knight (inner flame), a green rat and 2 friendly
orcs.

Vanquished Creatures
  An orc knight (Lair:1)
  The ghost of KuKumber the Carver, an experienced MiFi of Okawaru (D:6)
  A hippogriff (D:9)
  2 hill giant skeletons
  Menkaure (D:4)
  A sky beast (D:7)
  2 phantoms
  2 black bears
  A water moccasin (D:7)
  3 ogres
  A necrophage (D:8)
  A crocodile (D:8)
  2 centaurs (D:5)
  Sigmund (D:3)
  3 big kobolds (D:8)
  Blork the orc (D:7)
  A giant frog (D:6)
  A jelly (D:9)
  2 scorpions
  9 killer bees
  A goliath beetle (D:6)
  A crimson imp (D:9)
  2 iguanas
  6 worker ants
  8 orc wizards
  A sheep (D:8)
  Ijyb (D:3)
  A hound zombie (D:6)
  A mummy (D:9)
  12 gnolls
  2 green rats (D:8)
  7 adders
  A giant mite (D:2)
  An inept item mimic (D:6)
  3 worms
  A goliath beetle zombie (D:6)
  6 giant geckos
  19 orcs
  A ball python (D:1)
  15 bats
  5 giant cockroaches
  8 goblins
  14 hobgoblins
  12 jackals
  20 kobolds
  3 quokkas
  3 giant newts
  A giant spore (D:7)
  A hobgoblin skeleton (D:7)
  15 rats
209 creatures vanquished.

Vanquished Creatures (collateral kills)
  The ghost of teukkam the Ruffian, an experienced TrMo of Nemelex Xobeh (D:9)
  Joseph (D:8)
  A troll (D:9)
  A basilisk (D:8)
  A deep elf mage (D:9)
  A hippogriff (D:8)
  A hungry ghost (D:7)
  A porcupine (D:8)
  3 orc warriors
  A black bear (D:8)
  An ogre (D:9)
  2 centaurs
  A big kobold (D:8)
  6 crocodiles (D:8)
  A wyvern zombie (D:9)
  2 giant frogs (D:9)
  2 scorpions
  2 jellies (D:9)
  5 killer bees
  A crimson imp (D:7)
  A goliath beetle (D:7)
  2 hounds
  A kobold zombie (D:9)
  2 orc priests (D:7)
  An orc wizard (D:9)
  An iguana (D:9)
  2 worker ants
  6 sheep (D:8)
  An adder (D:8)
  5 green rats
  An orc zombie (D:9)
  An orc (D:7)
  2 bats
  3 hobgoblins
  A quokka (D:8)
  A goblin (D:7)
  2 kobolds
  A kobold skeleton (D:7)
  3 rats (D:8)
72 creatures vanquished.

Vanquished Creatures (others)
  2 orc warriors (D:8)
  An orc priest (D:7)
  An orc wizard (D:7)
  8 orcs
12 creatures vanquished.

Grand Total: 293 creatures vanquished

Notes
Turn   | Place    | Note
--------------------------------------------------------------
     0 | D:1      | WhatIsLove, the Hill Orc Fighter, began the quest for the Orb.
     0 | D:1      | Reached XP level 1. HP: 19/19 MP: 1/1
   102 | D:1      | Reached XP level 2. HP: 24/27 MP: 2/2
   231 | D:1      | Reached skill level 4 in Fighting
   239 | D:1      | Reached XP level 3. HP: 31/33 MP: 3/3
   959 | D:2      | Reached XP level 4. HP: 36/40 MP: 4/4
  1494 | D:3      | Became a worshipper of Beogh the Brigand
  1715 | D:3      | Noticed Ijyb
  1740 | D:3      | Killed Ijyb
  1740 | D:3      | Reached XP level 5. HP: 42/47 MP: 5/5
  1783 | D:3      | Noticed Sigmund
  1793 | D:3      | Killed Sigmund
  1973 | D:3      | Noticed a phantom
  2014 | D:3      | Killed a phantom
  2014 | D:3      | Reached skill level 5 in Fighting
  2014 | D:3      | Reached skill level 5 in Shields
  2014 | D:3      | Reached XP level 6. HP: 53/56 MP: 6/6
  2072 | D:4      | Found a staircase to the Ecumenical Temple.
  2096 | Temple   | Entered the Ecumenical Temple
  2124 | D:4      | Acquired Beogh's first power
  2163 | D:4      | Found Ufuph's Armour Shop.
  2186 | D:4      | Reached skill level 5 in Armour
  2204 | D:4      | Noticed Menkaure
  2214 | D:4      | Killed Menkaure
  2214 | D:4      | Reached XP level 7. HP: 45/62 MP: 7/7
  2477 | D:4      | Reached skill level 5 in Axes
  2606 | D:4      | Found Faklipte's Book Boutique.
  2734 | D:4      | Acquired Beogh's second power
  2826 | D:5      | Entered Level 5 of the Dungeon
  2912 | D:5      | Reached skill level 1 in Invocations
  3049 | D:5      | Reached skill level 6 in Fighting
  3142 | D:5      | Reached XP level 8. HP: 70/70 MP: 8/10
  3451 | D:6      | Noticed KuKumber's ghost (experienced MiFi)
  3486 | D:6      | Killed KuKumber's ghost
  3486 | D:6      | Reached skill level 7 in Shields
  3680 | D:6      | Reached XP level 9. HP: 78/78 MP: 16/16
  3863 | D:6      | Acquired Beogh's third power
  3957 | D:6      | Reached skill level 5 in Invocations
  4135 | D:7      | Noticed Blork the orc
  4171 | D:7      | Killed Blork the orc
  4171 | D:7      | Reached skill level 8 in Axes
  4879 | D:8      | Found a shattered altar of Ashenzari.
  5002 | D:8      | Found a staircase to the Lair.
  5008 | D:8      | Reached XP level 10. HP: 64/88 MP: 18/20
  5016 | D:8      | Gained Nordag as an ally
  5021 | D:8      | Gained Morun as an ally
  5300 | D:8      | Acquired Beogh's fourth power
  5302 | D:8      | Reached skill level 9 in Axes
  5651 | D:8      | Noticed Joseph
  5665 | D:8      | Killed Joseph
  6496 | D:9      | Noticed teukkam's ghost (experienced TrMo)
  6507 | D:9      | Killed teukkam's ghost
  6672 | D:9      | Found a shimmering altar of Xom.
  6677 | D:9      | Found a basalt altar of Yredelemnul.
  6677 | D:9      | Found a burning altar of Makhleb.
  6683 | D:9      | Found a sparkling altar of Nemelex Xobeh.
  6728 | D:9      | Reached skill level 1 in Throwing
  7241 | Lair:1   | Entered Level 1 of the Lair of Beasts
  7247 | Lair:1   | Was placed under penance by Beogh
  7250 | Lair:1   | Killed from afar by Morun the orc wizard

Action                   |  1- 3 |  4- 6 |  7- 9 | 10-12 || total
-------------------------+-------+-------+-------+-------++-------
Melee: War axe           |    97 |   155 |   488 |   157 ||   897
Throw: Tomahawk          |       |       |     7 |     4 ||    11
Invok: Convert to Beogh  |       |     1 |       |       ||     1
       Smiting           |       |       |     1 |       ||     1
       Recall Orcish Fol |       |       |       |     1 ||     1
Evoke: Wand              |       |     4 |     2 |     1 ||     7
  Use: Scroll            |       |       |     9 |     4 ||    13
       Potion            |       |       |       |     2 ||     2
 Stab: Confused          |       |     2 |       |       ||     2
       Distracted        |       |       |     1 |     3 ||     4
  Eat: Chunk             |       |     5 |     9 |     7 ||    21
